 Dungeon Crawl Stone Soup version 0.29.1-15-g9cfb28693d (webtiles) character file.

Game seed: 8312318044813296006

59 protoss039 the Digger (level 3, -2/26 (27) HPs)
             Began as a Demonspawn Earth Elementalist on Mar 8, 2023.
             Slain by Terence
             ... wielding the +7 Throatcutter {drain, coup de grace}
              (15 damage)
             ... on level 2 of the Dungeon.
             The game lasted 00:01:42 (2093 turns).

protoss039 the Digger (DsEE)                        Turns: 2093, Time: 00:01:43

HP:   -2/26 (27)    AC:  5    Str:  8    XL:     3   Next: 78%
MP:   7/7           EV: 10    Int: 18    God:
Gold: 57            SH:  0    Dex: 13    Spells: 4/7 levels left

rFire   . . .      SeeInvis .   d - +0 dagger (venom)
rCold   . . .      Faith    .   (no shield)
rNeg    . . .      Spirit   .   g - +0 ring mail
rPois   .          Reflect  .   (no helmet)
rElec   .          Harm     .   (no cloak)
rCorr   .          Rampage  .   (no gloves)
Will    .....                   (no boots)
Stlth   +.........              (no amulet)
HPRegen 0.08/turn               (no ring)
MPRegen 0.10/turn               (no ring)

@: lightly drained
A: powered by pain 1
a: no special abilities


You were on level 2 of the Dungeon.
You visited 1 branch of the dungeon, and saw 2 of its levels.

You collected 57 gold pieces.

Inventory:

Hand Weapons
 d - a +0 dagger of venom (weapon)
Armour
 g - a +0 ring mail (worn)
Scrolls
 a - 2 scrolls of identify {unknown}
 c - a scroll of vulnerability {unknown}
 e - 3 scrolls of amnesia {unknown}
 f - a scroll of teleportation {unknown}
 i - a scroll of brand weapon {unknown}
Potions
 b - a potion of magic
 h - a potion of heal wounds {unknown}


   Skills:
 + Level 1.8 Fighting
 - Level 1.7 Dodging
 - Level 1.7 Stealth
 + Level 2.7 Spellcasting
 - Level 0.8 Transmutations
 + Level 3.3 Earth Magic


You had 4 spell levels left.
You knew the following spells:

 Your Spells              Type           Power      Damage    Failure   Level
a - Sandblast             Erth           28%        2d8       13%         1
b - Passwall              Tmut/Erth      8%         N/A       32%         2

Your spell library contained the following spells:

 Spells                   Type           Power      Damage    Failure   Level
 Slow                     Hex            8%         N/A       45%         1
 Static Discharge         Conj/Air       2%         3-4/arc   61%         2
 Stone Arrow              Conj/Erth      16%        3d8       61%         3
 Confusing Touch          Hex            2%         N/A       83%         3
 Vampiric Draining        Necr           2%         2d6       83%         3
 Petrify                  Tmut/Erth      10%        N/A       91%         4
 Lightning Bolt           Conj/Air       1%         1d12      100%        5
 Maxwell's Capacitive Co  Air            1%         ∞         100%        8


Dungeon Overview and Level Annotations

Branches:
Dungeon (2/15) Zot: 9901

Altars:

Annotations:
D:2 Terence


Innate Abilities, Weirdness & Mutations

You sometimes gain a little power by taking damage.


Message History

You see here a +0 club.
Unknown command.
The quokka bites you.
Unknown command.
You barely miss the quokka. The quokka misses you.
Unknown command.
You closely miss the quokka. The quokka barely misses you.
Unknown command.
You hit the quokka.
The quokka is poisoned.
The quokka is severely wounded.
The quokka closely misses you.
Unknown command.
You hit the quokka but do no damage.
The quokka looks as sick as possible!
The quokka is severely wounded.
You kill the quokka!
Unknown command.
No target in view!
You now have 39 gold pieces (gained 6).
Found a scale mail.
You now have 47 gold pieces (gained 8).
You now have 57 gold pieces (gained 10).
Terence the Incautious comes into view.
He is wielding the +7 Throatcutter {drain, coup de grace}.
Terence shouts!
Terence is nearby!
Terence is nearby!
Terence is nearby!
Press: ? - help, v - describe, . - travel
Here: Terence, wielding the +7 Throatcutter {drain, coup de grace} and wearing a +0 chain mail The floor.
Unknown command.
You barely miss Terence. Terence barely misses you.
You hit Terence.
Terence is poisoned.
Terence is moderately wounded.
Terence hits you with the +7 Throatcutter {drain, coup de grace}!
You feel drained.
A hobgoblin comes into view.
Terence attacks as you move away!
Terence hits you with the +7 Throatcutter {drain, coup de grace}!
Ouch! That really hurt!
You die...

#... #.g #.. .# ####.. .#
#....##.# #.#.#..# <# #.....## .#
#@#..# ###.#####@#..###
#......##.#....####
#...........##....#
#..(...##.#######.# #......##.#
#.# ###### ########......##.#
#####.###..... ..†...........##.#
#.........####
##...##.......##.###.####........
#8...8####.#.....##.......####...


You could see Terence (very poisoned) and a hobgoblin (wandering).

Vanquished Creatures
  2 adders (D:2)
  A worm (D:2)
  A dart slug (D:1)
  3 ball pythons
  3 giant cockroaches (D:1)
  3 goblins
  3 hobgoblins (D:1)
  6 jackals
  A kobold (D:1)
  A quokka (D:2)
  7 bats
  2 rats (D:1)
33 creatures vanquished.

Notes
Turn   | Place    | Note
-------+----------+-------------------------------------------
     0 | D:1      | protoss039 the Demonspawn Earth Elementalist began the
                  | quest for the Orb.
     0 | D:1      | Reached XP level 1. HP: 13/13 MP: 3/3
   334 | D:1      | Gained mutation: You sometimes gain a little power by
                  | taking damage. [demonic ancestry]
   334 | D:1      | Reached XP level 2. HP: 15/20 MP: 5/5
   779 | D:1      | Reached skill level 1 in Fighting
   779 | D:1      | Reached skill level 3 in Earth Magic
  1330 | D:1      | Reached XP level 3. HP: 25/26 MP: 6/6
  1471 | D:1      | Learned a level 2 spell: Passwall
  2087 | D:2      | Noticed Terence
  2093 | D:2      | Slain by Terence

Illustrated notes

Levels and vault maps discovered:
D:1:      dpeg_arrival_rooms_b, layout_basic, minivault_24
D:2:      layout_rooms, serial_corexii_hall, corexii_hall_statues_x,
          corexii_hall_statues_u, hellmonk_ecumenical_altar_run_dry,
          minivault_11, minmay_distorted, uniq_natasha, uniq_robin, uniq_terence

Skill      XL: |  1  2 |
---------------+-------+-----
Fighting       | 1 |  1.8
Earth Magic    | 3 |  3.3
Dodging        | |  1.7
Stealth        | |  1.7
Spellcasting   | |  2.7
Transmutations | |  0.8

Action                   || total
-------------------------++-------
Melee: Dagger            ||    95
 Cast: Sandblast         ||    13
 Stab: Sleeping          ||     1
Armor: Leather armour    ||    25
       Robe              ||     1
       Ring mail         ||    17
Dodge: Dodged            ||    75
